 Dungeon Crawl Stone Soup version 0.29.1-1-gd02db6906a (webtiles) character file.

Game seed: 13211778541617560432

357 fireball365 the Chopper (level 6, -8/52 HPs)
             Began as a Minotaur Fighter on Oct 12, 2022.
             Was a Believer of Trog.
             Killed from afar by an acid dragon (36 damage)
             ... with a splash of acid
             ... on level 5 of the Dungeon.
             The game lasted 00:10:11 (2891 turns).

fireball365 the Chopper (Minotaur Fighter)          Turns: 2891, Time: 00:10:13

Health: -8/52      AC:  8    Str: 27    XL:     6   Next: 36%
Magic:  5/5        EV:  7    Int:  5    God:    Trog [**....]
Gold:   112        SH:  5    Dex: 11    Spells: 5/5 levels left

rFire   . . .      SeeInvis .   a - +0 war axe
rCold   . . .      Faith    .   c - +0 buckler
rNeg    + . .      Spirit   .   h - +0 plate armour
rPois   .          Reflect  .   (helmet restricted)
rElec   .          Harm     .   (no cloak)
rCorr   .          Rampage  .   (no gloves)
Will    .....                   (no boots)
Stlth   ..........              (no amulet)
HPRegen 0.17/turn               f - +6 ring of strength
MPRegen 0.09/turn               v - ring of positive energy

@: corroded
A: horns 2, retaliatory headbutt
a: Renounce Religion, Berserk, Trog's Hand


You were on level 5 of the Dungeon.
You worshipped Trog.
Trog was pleased with you.
You visited 1 branch of the dungeon, and saw 4 of its levels.

You collected 112 gold pieces.

Inventory:

Hand Weapons
 a - a +0 war axe (weapon)
 p - a +1 vorpal hand axe
Missiles
 e - 42 stones (quivered)
Armour
 b - a +0 scale mail
 c - a +0 buckler (worn)
 h - a +0 plate armour (worn)
Magical Staves
 q - a staff of death
Jewellery
 f - a +6 ring of strength (left hand)
 v - a ring of positive energy (right hand)
Wands
 o - a wand of paralysis (13)
Scrolls
 g - a scroll of vulnerability {unknown}
 i - a scroll of teleportation {unknown}
 n - a scroll of enchant armour {unknown}
 r - 3 scrolls of identify {unknown}
 s - 2 scrolls of torment {unknown}
 u - a scroll of fear {unknown}
Potions
 d - a potion of might
 j - a potion of ambrosia {unknown}
 k - a potion of haste {unknown}
 l - 3 potions of cancellation {unknown}
 m - 3 potions of resistance {unknown}
 t - a potion of curing {unknown}


   Skills:
 - Level 3.7 Fighting
 * Level 6.4 Axes
 + Level 5.1 Armour
 + Level 0.9 Dodging
 + Level 0.8 Stealth
 + Level 4.5 Shields


You had 5 spell levels left.
You didn't know any spells.
Your spell library was empty.

Dungeon Overview and Level Annotations

Branches:
Dungeon (3/15)

Altars:
Trog


Innate Abilities, Weirdness & Mutations

You have a pair of horns on your head.
You reflexively headbutt those who attack you in melee.


Message History

Trog accepts your kill.
Your Axes skill increases to level 6!
You slash the withered plant!
The withered plant begins to crumble.
The withered plant is lightly damaged.
You hit the withered plant.
The withered plant is lightly damaged.
You slash the withered plant! You headbutt the withered plant!
The withered plant is moderately damaged.
You slash the withered plant! You headbutt the withered plant.
The withered plant is moderately damaged.
The withered plant crumbles away.
Found a stone staircase leading up.
Found a scroll labelled DIUMIX QYRHOAM.
Found a robe and a manual of Polearms.
A scorpion comes into view.
The scorpion completely misses you. You furiously retaliate!
You headbutt the scorpion! You slash the scorpion!
You kill the scorpion!
Trog accepts your kill.
l - 3 glowing green potions (gained 2)
You see here a scorpion corpse.
An acid dragon comes into view.
The acid dragon roars!
The acid dragon spits acid at you. The splash of acid hits you!
The acid corrodes you!
You hear two shouts!
You hear a bark!
You block the acid dragon's attack.
The acid dragon claws you but does no damage.
You block the acid dragon's attack. The acid dragon barely misses you.
You hit the acid dragon.
The acid dragon is lightly wounded.
The acid dragon bites you. The acid dragon claws you.
You hit the acid dragon.
You headbutt the acid dragon, but do no damage.
The acid dragon is lightly wounded.
The acid dragon spits acid at you. The splash of acid hits you!!!
Ouch! That really hurt!
You die...

............#...#..#
...?........#...##.###
...........#....#...##
..........#....###..#
.##......†#....# ##...
#.#......# ###
.#.#.....# ##:#..[..#
#..D@....# #.##.....#
#. #...### # #...##
...#.# .....# .# ## .#


You could see an acid dragon (catching breath).

Vanquished Creatures
  A scorpion (D:5)
  A hound (D:2)
  An orc priest (D:3)
  Natasha (twice) (D:2)
  An orc wizard (D:3)
  A scorpion zombie (D:5)
  6 adders (D:3)
  A worm (D:3)
  2 dart slugs (D:1)
  9 orcs
  5 bats
  7 endoplasms
  2 giant cockroaches (D:2)
  6 goblins
  2 hobgoblins
  6 jackals (D:1)
  5 kobolds
  5 quokkas
  7 ball pythons
  A frilled lizard (D:1)
  5 rats
76 creatures vanquished.

Vanquished Creatures (others)
  19 plants (D:2)
  2 withered plants (D:5)
21 creatures vanquished.

Grand Total: 97 creatures vanquished

Notes
Turn   | Place    | Note
-------+----------+-------------------------------------------
     0 | D:1      | fireball365 the Minotaur Fighter began the quest for the
                  | Orb.
     0 | D:1      | Reached XP level 1. HP: 19/19 MP: 0/0
   270 | D:1      | Reached XP level 2. HP: 26/27 MP: 1/1
   527 | D:1      | Reached XP level 3. HP: 31/33 MP: 2/2
   547 | D:1      | Reached skill level 3 in Axes
  1364 | D:2      | Reached XP level 4. HP: 6/40 MP: 3/3
  1526 | D:2      | Found a faded altar of an unknown god.
  1550 | D:2      | Prayed at the altar of an unknown god.
  1550 | D:2      | Became a worshipper of Trog the Wrathful
  1550 | D:2      | Reached * piety under Trog
  1587 | D:2      | Noticed Natasha
  1595 | D:2      | Killed Natasha
  1596 | D:2      | Reached skill level 4 in Axes
  1809 | D:2      | Noticed Natasha
  1823 | D:2      | Killed Natasha
  1824 | D:2      | Reached XP level 5. HP: 38/46 MP: 4/4
  1960 | D:3      | Reached skill level 5 in Axes
  2598 | D:3      | Reached ** piety under Trog
  2666 | D:3      | Reached XP level 6. HP: 52/52 MP: 5/5
  2670 | D:3      | Reached skill level 5 in Armour
  2832 | D:3      | You fall into a shaft and drop 2 floors!
  2832 | D:5      | Entered Level 5 of the Dungeon
  2856 | D:5      | Reached skill level 6 in Axes
  2884 | D:5      | Noticed an acid dragon
  2891 | D:5      | Killed from afar by an acid dragon

Illustrated notes

Levels and vault maps discovered:
D:1:      minmay_arrival_stone_box, layout_basic
D:2:      layout_basic, basic_ecumenical_altar, solitary_fountain,
          serial_bayou_lagoon_b, uniq_natasha
D:3:      wander_river, layout_rooms, nicolae_eternal_life, st_stairs_3,
          kennysheep_nondescript
D:5:      layout_basic, serial_undead, serial_undead_e, serial_undead_e,
          serial_undead_f, serial_undead_a, serial_undead_c, serial_undead_e,
          minmay_manual_mess

Skill      XL: |  1  2  3  4  5  6 |
---------------+-------------------+-----
Shields        | 4 |  4.5
Armour         | 4 5 |  5.1
Axes           | 3 4 5 6 |  6.4
Fighting       | |  3.7
Dodging        | |  0.9
Stealth        | |  0.8

Action                   |  1- 3 |  4- 6 || total
-------------------------+-------+-------++-------
Melee: War axe           |    82 |   128 ||   210
       Headbutt          |    12 |    18 ||    30
  Use: Potion            |       |     1 ||     1
Armor: Scale mail        |    40 |       ||    40
       Plate armour      |    57 |    80 ||   137
Dodge: Dodged            |    52 |    48 ||   100
Block: Buckler           |    33 |    35 ||    68
